 Dungeon Crawl Stone Soup version 0.22-a0-455-ga0624bf62c (webtiles) character file.

69 Ordine the Magician (level 4, 0/24 HPs)
             Began as a Deep Elf Wizard on June 5, 2018.
             Slain by a worker ant (6 damage)
             ... on level 3 of the Dungeon.
             The game lasted 00:05:00 (2239 turns).

Ordine the Magician (Deep Elf Wizard)               Turns: 2239, Time: 00:05:01

Health: 0/24       AC:  2    Str:  4    XL:     4   Next: 2%
Magic:  0/13       EV: 13    Int: 24    God:
Gold:   86         SH:  0    Dex: 13    Spells: 4/13 levels left

rFire    . . .     SeeInvis .   (no weapon)
rCold    . . .     Gourm    .   (no shield)
rNeg     . . .     Faith    .   a - +0 robe
rPois    .         Spirit   .   b - +0 hat
rElec    .         Reflect  .   (no cloak)
rCorr    .         Harm     .   (no gloves)
MR       .....                  (no boots)
Stlth    ++........             (no amulet)
HPRegen  0.08/turn              (no ring)
MPRegen  0.13/turn              (no ring)

@: very slightly contaminated
A: no striking features
a: no special abilities


You were on level 3 of the Dungeon.
You were not hungry.

You visited 1 branch of the dungeon, and saw 3 of its levels.

You collected 86 gold pieces.

Inventory:

Armour
 a - a +0 robe (worn)
 b - a +0 hat (worn)
Scrolls
 c - a scroll of teleportation
 e - a scroll of remove curse
Potions
 h - a potion of heal wounds {unknown}
 i - a potion of might
 j - a potion of lignification {unknown}
 l - a potion of brilliance
Comestibles
 d - 3 rations
 g - a chunk of flesh


   Skills:
 - Level 3.0 Dodging
 - Level 3.0 Stealth
 + Level 5.0 Spellcasting
 * Level 2.4 Conjurations
   Level 1.1 Summonings
 + Level 1.7 Translocations
 + Level 0.5 Fire Magic
 + Level 0.5 Air Magic


You had 4 spell levels left.
You knew the following spells:

 Your Spells              Type           Power        Failure   Level  Hunger
a - Magic Dart            Conj           ###.         3%          1    None
b - Blink                 Tloc           N/A          6%          2    None
c - Conjure Flame         Conj/Fire      ##......     14%         3    ##.....
d - Mephitic Cloud        Conj/Pois/Air  ##......     19%         3    ##.....

Your spell library contained the following spells:

 Spells                   Type           Power        Failure   Level  Hunger
 Slow                     Hex            #.......     13%         2    None
 Call Imp                 Summ           ##......     9%          2    None


Dungeon Overview and Level Annotations

Branches:
Dungeon (3/15)

Altars:


Message History

Confirm with . or Enter, or press ? or * to list all spells.
Aiming: Magic Dart (safe; 3% risk of failure)
Press: ? - help, Shift-Dir - straight line, f/p - worker ant
Aim: a worker ant (severely wounded)
The magic dart hits the worker ant.
The worker ant is severely wounded.
You feel sick. The worker ant bites you.
You feel better. The worker ant bites you!
* * * LOW HITPOINT WARNING * * *
The worker ant bites you.
* * * LOW HITPOINT WARNING * * *
Casting: Magic Dart (safe; 3% risk of failure)
Confirm with . or Enter, or press ? or * to list all spells.
Aiming: Magic Dart (safe; 3% risk of failure)
Press: ? - help, Shift-Dir - straight line, f/p - worker ant
Aim: a worker ant (severely wounded)
The magic dart hits the worker ant.
The worker ant is almost dead.
The worker ant barely misses you. The worker ant bites you.
You die...

#.......##
#........#
#........#
#.#+##....†...##
.................
...#.####..#######
.. #.......... ...
##.a....... ..
##@#.##### .
#.#.###.#.#
.....§...§#
#.#.###.#.# #.#.#
#)#.# #.#.# #.#†#
..#.#


You could see a worker ant.

Vanquished Creatures
  3 adders
  A giant cockroach (D:1)
  3 goblins
  6 hobgoblins
  A quokka (D:2)
  2 ball pythons (D:1)
  13 bats
  6 kobolds
  5 rats
40 creatures vanquished.

Notes
Turn   | Place    | Note
-------+----------+-------------------------------------------
     0 | D:1      | Ordine the Deep Elf Wizard began the quest for the Orb.
     0 | D:1      | Reached XP level 1. HP: 10/10 MP: 7/7
   377 | D:1      | Reached XP level 2. HP: 15/15 MP: 3/9
   428 | D:1      | Learned a level 2 spell: Blink
  1295 | D:2      | Reached XP level 3. HP: 13/19 MP: 3/11
  1360 | D:2      | Learned a level 3 spell: Conjure Flame
  1364 | D:2      | Learned a level 3 spell: Mephitic Cloud
  1835 | D:2      | Reached skill level 5 in Spellcasting
  2203 | D:3      | Reached XP level 4. HP: 24/24 MP: 8/13
  2239 | D:3      | Slain by a worker ant

Vault maps used:
D:1:      dpeg_arrival_long_road, minmay_ruptured
D:3:      minmay_crystal_water, uniq_terence

Skill      XL: |  1  2  3 |
---------------+----------+-----
Stealth        | 3 |  3.0
Dodging        | 3 |  3.0
Conjurations   | 2 |  2.4
Spellcasting   | 5 |  5.0
Summonings     | |  1.1
Translocations | |  1.7
Fire Magic     | |  0.5
Air Magic      | |  0.5

Action                   |  1- 3 |  4- 6 || total
-------------------------+-------+-------++-------
Melee: Unarmed           |     5 |       ||     5
 Cast: Magic Dart        |   100 |    12 ||   112
  Use: Scroll            |     6 |     1 ||     7
       Potion            |       |     1 ||     1
  Eat: Chunk             |     3 |     1 ||     4
Armor: Robe              |    13 |       ||    13
Dodge: Dodged            |    41 |     3 ||    44

Table legend:
 A = Spawn XP
 B = Non-spawn XP
 C = Spawn XP percentage of total XP
 D = Spawn monster count
 E = Non-spawn monster count
 F = Spawn count percentage of total count
 G = Total turns spent on level
                    A         B        C        D         E        F      G
               +---------+---------+-------+---------+---------+-------+---------
         Total |       0 |      99 |   0.0 |       0 |      40 |   0.0 |  2239
               +---------+---------+-------+---------+---------+-------+---------
           D:1 |       0 |      35 |   0.0 |       0 |      22 |   0.0 |  1199
           D:2 |       0 |      49 |   0.0 |       0 |      15 |   0.0 |  1000
           D:3 |       0 |      15 |   0.0 |       0 |       3 |   0.0 |    40
               +---------+---------+-------+---------+---------+-------+---------
